 Dungeon Crawl Stone Soup version 0.24-a0-535-gbb0d440638 (webtiles) character file.

Game seed: 12424554423560922985

5 DrakeDragon the Magician (level 1, -2/10 HPs)
             Began as a Deep Elf Wizard on Aug 10, 2019.
             Slain by a hobgoblin (5 damage)
             ... on level 2 of the Dungeon.
             The game lasted 00:03:10 (174 turns).

DrakeDragon the Magician (Deep Elf Wizard)           Turns: 174, Time: 00:03:11

Health: -2/10      AC:  2    Str:  4    XL:     1   Next: 66%
Magic:  0/8        EV: 13    Int: 22    God:
Gold:   30         SH:  0    Dex: 13    Spells: 8/9 levels left

rFire    . . .     SeeInvis .   (no weapon)
rCold    . . .     Gourm    .   (no shield)
rNeg     . . .     Faith    .   a - +0 robe
rPois    .         Spirit   .   b - +0 hat
rElec    .         Reflect  .   (no cloak)
rCorr    .         Harm     .   (no gloves)
MR       .....                  (no boots)
Stlth    ++........             (no amulet)
HPRegen  0.03/turn              (no ring)
MPRegen  0.11/turn              (no ring)

@: no status effects
A: no striking features
a: no special abilities


You were on level 2 of the Dungeon.
You were not hungry.

You visited 1 branch of the dungeon, and saw 2 of its levels.

You collected 30 gold pieces.

Inventory:

Missiles
 d - 3 stones (quivered)
Armour
 a - a +0 robe (worn)
 b - a +0 hat (worn)
Scrolls
 c - a scroll of identify {unknown}
 f - a scroll of remove curse {unknown}
Comestibles
 e - 2 rations {!d}


   Skills:
 + Level 0.2 Fighting
 + Level 2.5 Dodging
 - Level 2.4 Stealth
 + Level 4.5 Spellcasting
 * Level 1.4 Conjurations
   Level 1.1 Summonings
   Level 1.1 Translocations


You had 8 spell levels left.
You knew the following spells:

 Your Spells              Type           Power        Failure   Level  Hunger
a - Magic Dart            Conj           ##..         6%          1    None

Your spell library contained the following spells:

 Spells                   Type           Power        Failure   Level  Hunger
 Blink                    Tloc           N/A          11%         2    #......
 Call Imp                 Summ           #.......     11%         2    #......
 Slow                     Hex            #.......     16%         2    #......
 Conjure Flame            Conj/Fire      #.......     24%         3    ##.....
 Mephitic Cloud           Conj/Pois/Air  #.......     26%         3    ##.....


Dungeon Overview and Level Annotations

Branches:
Dungeon (1/15)

Altars:


Message History

You kill the kobold!
e - 2 rations {!d} (gained 1)
You start resting.
Found a clear potion.
Found 10 gold pieces.
Found a stone staircase leading down.
f - a scroll labeled YMOGRE TOISUTI
Found a ration.
A kobold comes into view. It is wielding a +0 whip of draining.
The kobold shouts!
Found a scroll labeled YGRAKHL LUIPH.
Aim: a kobold, wielding a +0 whip of draining The magic dart hits the kobold.
Aim: a kobold, wielding a +0 whip of draining (moderately wounded)
The magic dart hits the kobold.
You kill the kobold!
A worm comes into view.
You see here 10 gold pieces.
Aim: a worm (hasn't noticed you)
The magic dart hits the worm.
Aim: a worm The magic dart hits the worm.
Aim: a worm (lightly wounded)
The magic dart hits the worm.
Aim: a worm (lightly wounded)
You miscast Magic Dart.
You are very lightly contaminated with residual magic.
Sparks fly from your hands!
Aim: a worm (lightly wounded)
The magic dart hits the worm.
You don't have enough magic to cast that spell. 2 hobgoblins come into view.
The hobgoblin shouts! x2
The hobgoblin moves out of view.
You see here a spear.
Your magical contamination has completely faded away.
Aim: a hobgoblin The magic dart hits the hobgoblin.
The hobgoblin barely misses you.
Aim: a hobgoblin (heavily wounded)
The magic dart hits the hobgoblin.
The worm bites you. The hobgoblin hits you.
* * * LOW HITPOINT WARNING * * *
Aim: a hobgoblin (severely wounded)
The magic dart hits the hobgoblin.
You kill the hobgoblin!
The hobgoblin closely misses you.
Things that are here:
a +0 whip of draining; a kobold corpse
Found a ration.
The hobgoblin hits you.
Ouch! That really hurt!
You die...

#...... . ..#.# #...%..
%### ..!.# +...... ...
..... #...... ... ...$.#
#...... #.# #....
#......###### #.# #..#
........)...###.###..###
#.......g.w..##.....†...
+......@....$..###..####
#............#.# #..#
#..............# #..#
#...........#..###..#
#...........#...)...#
+...........#..####.#
........?...+... #.#
............##..# #+#
.....#. #...


You could see a worm and a hobgoblin.

Vanquished Creatures
  A goblin (D:1)
  A hobgoblin (D:2)
  3 kobolds
5 creatures vanquished.

Notes
Turn   | Place    | Note
-------+----------+-------------------------------------------
     0 | D:1      | DrakeDragon the Deep Elf Wizard began the quest for the
                  | Orb.
     0 | D:1      | Reached XP level 1. HP: 10/10 MP: 7/7
   106 | D:1      | You fall into a shaft and drop 1 floor!
   174 | D:2      | Slain by a hobgoblin

Levels and vault maps discovered:
D:1:      dpeg_arrival_rooms_c, layout_rooms
D:2:      layout_basic, chequers_serial_rivers_room_b, serial_park_tiny_pond

Action                   || total
-------------------------++-------
 Cast: Magic Dart        ||    16
Dodge: Dodged            ||     3

Table legend:
 A = Non-vault XP
 B = Vault XP
 C = Vault XP percentage of total XP
 D = Non-vault monster count
 E = Vault monster count
 F = Vault count percentage of total count
                 A         B        C        D         E       F
            +---------+---------+-------+---------+---------+-------
      Total |       8 |       0 |   0.0 |       5 |       0 |   0.0
            +---------+---------+-------+---------+---------+-------
        D:1 |       4 |       0 |   0.0 |       2 |       0 |   0.0
        D:2 |       4 |       0 |   0.0 |       3 |       0 |   0.0
            +---------+---------+-------+---------+---------+-------
